 Dungeon Crawl Stone Soup version 0.14-a0-2017-g4a4604d (webtiles) character file.

134 M4edhros the Shooter (level 4, -8/28 HPs)
             Began as an Octopode Wanderer on Jan 18, 2014.
             Killed from afar by temujin's ghost (26 damage)
             ... with a fireball
             ... on Level 4 of the Dungeon.
             The game lasted 00:02:54 (1232 turns).

M4edhros the Shooter (Octopode Wanderer)            Turns: 1232, Time: 00:02:54

HP  -8/28        AC  1     Str 14      XL: 4   Next: 87%
MP   4/4         EV 11     Int 14      God:
Gold 26          SH  0     Dex  9      Spells:  0 memorised,  3 levels left

rFire  . . .     SeeInvis .     c - +0 bow
rCold  . . .     Clarity  .     (no shield)
rNeg   . . .     Conserve .     (helmet restricted)
rPois  .         rCorr    .     (no amulet)
rElec  .         rRot     .     (no ring)
SustAb . .       Spirit   .     (no ring)
rMut   .         Warding  .     (no ring)
Saprov . . .     Stasis   .     (no ring)
MR     .....                    (no ring)
                                (no ring)
                                (no ring)
                                (no ring)

@: not resistant to hostile enchantments, stealthy
A: almost no armour, amphibious, 8 rings, constrict 8, camouflage 1, gelatinous
body 1
a: no special abilities


You were on level 4 of the Dungeon.
You were not hungry.

You visited 1 branch of the dungeon, and saw 4 of its levels.

You collected 26 gold pieces.

Inventory:

Hand weapons
 c - a +0,+0 bow (weapon)
Missiles
 e - 56 arrows (quivered)
Magical devices
 a - a wand of frost (6)
Comestibles
 f - a bread ration
 k - a chunk of goblin flesh
Scrolls
 h - a scroll of identify
 l - a scroll of remove curse
Jewellery
 d - an uncursed ring of protection from cold
Potions
 b - a potion of resistance {unknown}
 g - a potion of restore abilities {unknown}
 i - a potion of brilliance {unknown}
 j - a potion of heal wounds {unknown}


   Skills:
 - Level 1.0 Fighting
   Level 2.0 Axes
 + Level 6.8 Bows
 - Level 1.3 Stealth
 - Level 1.1 Evocations


You had 3 spell levels left.
You didn't know any spells.

Dungeon Overview and Level Annotations

Branches:
Dungeon (4/16)
 Temple: D:4-7

Altars:

Annotations:
D:4 temujin's ghost, average DEFE


Innate Abilities, Weirdness & Mutations

You cannot wear most types of armour.
You are amphibious.
You can wear up to eight rings at the same time.
You can use your tentacles to constrict many enemies at once.
Your skin changes colour to match your surroundings (Stlth).
Your rubbery body absorbs attacks (AC +1).


Message History

Okay, then.
Read which item? (? for menu, Esc to quit)
As you read the scroll labeled PEIQI GEGGUTHO, it crumbles to dust.
Use on which item? (\ to view known items) (? for menu, Esc to quit)
d - an uncursed ring of protection from cold It was a scroll of identify.
Firing (i - inventory):
e - 58 arrows (quivered)
Press: ? - help, Shift-Dir - straight line, f - temujin's ghost
Aim: temujin's ghost You shoot an arrow.
The arrow hits temujin's ghost.
Temujin's ghost is lightly damaged.
Firing (i - inventory):
e - 57 arrows (quivered)
Press: ? - help, Shift-Dir - straight line, f/p - temujin's ghost
Aim: temujin's ghost (lightly damaged)
You shoot an arrow. The arrow misses temujin's ghost.
Temujin's ghost casts a spell at you.
The fireball explodes!
The fireball engulfs you!
One of your 2 scrolls of identify catches fire!
Ouch! That really hurt!
You die...

#### ######## .....######......#
#..(...((()(...(###############
...####[#######@................
#....$# #......###........
##.(#..# #...#..# #..#..###
##.($## #...#..# #..#..# # #(. .
#...#..# #..#..# # #.$(#.
#p..#..# #..#..# # .o8. .#
#(..#..# #..#..# # ..##.
#...#..# #..#..# # ### #(..#..#
#..#..# #


You could see temujin's ghost.

Vanquished Creatures
  A hound (D:4)
  An orc priest (D:4)
  A worm (D:2)
  A giant gecko (D:1)
  5 orcs
  3 bats
  2 giant cockroaches
  3 goblins
  5 hobgoblins
  4 jackals (D:1)
  A kobold (D:1)
  2 quokkas (D:4)
  4 giant newts
  5 rats
38 creatures vanquished.

Notes
Turn   | Place    | Note
--------------------------------------------------------------
     0 | D:1      | M4edhros, the Octopode Wanderer, began the quest for the Orb.
     0 | D:1      | Reached XP level 1. HP: 13/13 MP: 1/1
   396 | D:1      | Reached XP level 2. HP: 18/18 MP: 2/2
   755 | D:2      | Reached XP level 3. HP: 23/23 MP: 3/3
   905 | D:3      | Reached skill level 6 in Bows
  1022 | D:4      | Reached XP level 4. HP: 28/28 MP: 4/4
  1080 | D:4      | Noticed an ogre
  1228 | D:4      | Noticed temujin's ghost (average DEFE)
  1232 | D:4      | Killed from afar by temujin's ghost

Action                   |  1- 3 |  4- 6 || total
-------------------------+-------+-------++-------
 Fire: Bow               |    78 |    18 ||    96
Evoke: Wand              |     2 |     7 ||     9
  Use: Scroll            |     2 |     1 ||     3
